 Dungeon Crawl Stone Soup version 0.29-a0-294-g83ea962da3 (webtiles) character file.

Game seed: 3294050788063918482

58 sanka the Insei (level 4, 41/41 HPs)
             Began as a Gnoll Monk on Mar 18, 2022.
             Was a Priest of the Shining One.
             Quit the game on level 2 of the Dungeon.
             The game lasted 00:01:37 (1692 turns).

sanka the Insei (Gnoll Monk)                        Turns: 1692, Time: 00:01:38

Health: 41/41      AC:  2    Str: 12    XL:     4   Next: 1%
Magic:  14/14      EV: 15    Int: 10    God:    the Shining One [***...]
Gold:   55         SH:  0    Dex: 14    Spells: 5/5 levels left

rFire   . . .      SeeInvis .     - Unarmed
rCold   . . .      Faith    .   (no shield)
rNeg    + . .      Spirit   .   a - +0 robe
rPois   .          Reflect  .   (no helmet)
rElec   .          Harm     .   (no cloak)
rCorr   .          Rampage  .   (no gloves)
Will    .....                   (no boots)
Stlth   +.........              (no amulet)
HPRegen 0.13/turn               (no ring)
MPRegen 0.14/turn               d - ring of magical power

@: glowing
A: fangs 1, strong nose, distributed training
a: Renounce Religion, Divine Shield, Cleansing Flame


You were on level 2 of the Dungeon.
You worshipped the Shining One.
The Shining One was most pleased with you.
You visited 1 branch of the dungeon, and saw 2 of its levels.

You collected 55 gold pieces.


Innate Abilities, Weirdness & Mutations

You have very sharp teeth.
Your uncanny sense of smell can sniff out nearby items.
Your experience applies equally to all skills.


   Skills:
 + Level 6.5 Fighting
 + Level 1.0 Short Blades
 + Level 1.0 Long Blades
 + Level 1.0 Axes
 + Level 1.0 Maces & Flails
 + Level 1.0 Polearms
 + Level 1.0 Staves
 + Level 1.0 Slings
 + Level 1.0 Bows
 + Level 1.0 Crossbows
 + Level 1.0 Throwing
 + Level 1.0 Armour
 + Level 6.5 Dodging
 + Level 4.2 Stealth
 + Level 1.0 Shields
 + Level 6.5 Unarmed Combat
 + Level 1.0 Spellcasting
 + Level 0.7 Conjurations
 + Level 0.7 Hexes
 + Level 0.7 Summonings
 + Level 0.7 Necromancy
 + Level 0.7 Translocations
 + Level 0.7 Transmutations
 + Level 0.7 Fire Magic
 + Level 0.7 Ice Magic
 + Level 0.7 Air Magic
 + Level 0.7 Earth Magic
 + Level 0.7 Poison Magic
 + Level 1.1 Invocations
 + Level 1.0 Evocations


You had 5 spell levels left.
You didn't know any spells.
Your spell library was empty.

Inventory:

Armour
 a - a +0 robe (worn)
Jewellery
 d - a ring of magical power (right hand)
Scrolls
 e - 2 scrolls of identify {unknown}
Potions
 b - a potion of ambrosia
 c - 2 potions of curing {unknown}

Dungeon Overview and Level Annotations

Branches:
Dungeon (2/15)

Altars:
The Shining One

Shops:
D:1

[ <... ...▒ ▒..▒
▒..▒ ▒..▒ ▒
▒..▒.▒
▒▒▒▒▒▒..▒.▒
.....(.g..▒
▒▒▒▒▒▒..▒▒▒ ▒..▒
▒▒▒▒..▒ ▒.....▒
▒▒▒ ▒.▒▒.▒▒ ▒..
▒.▒▒.▒ ▒.▒
▒.▒▒.▒▒ ▒.▒
▒▒▒▒▒▒▒▒▒.▒...▒▒
▒.▒


There were no monsters in sight!


Message History

You hit the endoplasm.
You kill the endoplasm!
The bat barely misses you. The bat hits you but does no damage.
You have reached level 4!
You feel clever.
You completely miss the bat. The bat hits you.
You hit the bat but do no damage. The bat completely misses you.
The bat misses you. The bat hits you but does no damage.
The bat closely misses you. The bat closely misses you.
You hit the bat but do no damage. The bat hits you but does no damage.
The bat misses you.
You punch the bat!
You kill the bat!
No target in view!
No target in view!
You start resting.
HP restored.
You now have 55 gold pieces (gained 5).
Found a scroll labelled PUDAMOWYDE.
e - a scroll labelled PUDAMOWYDE
e - 2 scrolls labelled PUDAMOWYDE (gained 1)
Found 6 stones.
Found an escape hatch in the ceiling.
Are you sure you want to abandon this character and quit the game? (Confirm with "yes".)

Action                   |  1- 3 |  4- 6 || total
-------------------------+-------+-------++-------
Melee: Unarmed           |   104 |     4 ||   108
       Bite              |    12 |       ||    12
 Stab: Distracted        |     1 |       ||     1
Armor: Robe              |    25 |     2 ||    27
Dodge: Dodged            |    93 |     5 ||    98

Levels and vault maps discovered:
D:1:      amcnicky_arrival_double_pillar, layout_basic, serial_shops,
          nicolae_shop_crystal, shapermc_ecumenical_altar_pompeii
D:2:      layout_loops_ring

Notes
Turn   | Place    | Note
-------+----------+-------------------------------------------
     0 | D:1      | sanka the Gnoll Monk began the quest for the Orb.
     0 | D:1      | Reached XP level 1. HP: 23/23 MP: 1/1
    39 | D:1      | Reached XP level 2. HP: 20/29 MP: 2/2
   333 | D:1      | Found a faded altar of an unknown god.
   340 | D:1      | Prayed at the altar of an unknown god.
   340 | D:1      | Became a worshipper of the Shining One
   340 | D:1      | Reached * piety under the Shining One
   340 | D:1      | Reached ** piety under the Shining One
   660 | D:1      | Reached XP level 3. HP: 35/35 MP: 3/3
   688 | D:1      | Reached *** piety under the Shining One
   934 | D:1      | Reached skill level 1 in Invocations
   949 | D:1      | Found Gulunkew's Armour Emporium.
  1432 | D:2      | Reached skill level 1 in Short Blades
  1432 | D:2      | Reached skill level 1 in Long Blades
  1432 | D:2      | Reached skill level 1 in Axes
  1432 | D:2      | Reached skill level 1 in Maces & Flails
  1432 | D:2      | Reached skill level 1 in Polearms
  1432 | D:2      | Reached skill level 1 in Staves
  1432 | D:2      | Reached skill level 1 in Slings
  1432 | D:2      | Reached skill level 1 in Bows
  1432 | D:2      | Reached skill level 1 in Crossbows
  1432 | D:2      | Reached skill level 1 in Throwing
  1432 | D:2      | Reached skill level 1 in Armour
  1432 | D:2      | Reached skill level 1 in Shields
  1432 | D:2      | Reached skill level 1 in Spellcasting
  1432 | D:2      | Reached skill level 1 in Evocations
  1571 | D:2      | Reached XP level 4. HP: 31/41 MP: 5/5
  1692 | D:2      | Quit the game

Vanquished Creatures
  An adder (D:2)
  2 dart slugs (D:1)
  6 endoplasms
  A goblin (D:1)
  6 hobgoblins (D:1)
  4 jackals (D:1)
  4 kobolds (D:1)
  2 quokkas (D:1)
  5 ball pythons (D:1)
  8 bats
  2 rats (D:1)
41 creatures vanquished.
